[Event "Titled Tuesday Blitz February 07 Early 2023"]
[White "Gharibyan, Mamikon"]
[Black "Manukyan, Sargis A."]
[WhiteFideId "13308300"]
[BlackFideId "13303970"]
[WhiteElo "2500"]
[BlackElo "2158"]
[Result "1-0"]
[Round "08"]
[TimeControl "180+2"]
[Date "2023.02.07"]
[WhiteClock "0:01:31"]
[BlackClock "0:00:03"]

1. Nf3 d5 2. g3 e6 3. Bg2 Nf6 4. O-O Be7 5. d3 O-O 6. Nbd2 Nc6 7. e4 dxe4 8. dxe4 e5 9. c3 a5 10. Qc2 Be6 11. Ng5 Bd7 12. h3 h6 13. Ngf3 Be6 14. Rd1 Qc8 15. Kh2 Bc5 16. Nf1 Rd8 17. Be3 Be7 18. a4 b6 19. g4 Rxd1 20. Rxd1 Nd7 21. Ng3 Bc5 22. g5 Bxe3 23. fxe3 hxg5 24. Nxg5 Nc5 25. Qe2 f6 26. Nxe6 Qxe6 27. Nf5 Kf8 28. Qg4 Qf7 29. Bf1 g6 30. Nh4 Ne7 31. b4 axb4 32. cxb4 Nxa4 33. Rd7 Nc3 34. Rxc7 Ra2+ 35. Kg1 Nb1 36. Bc4 Qh7 37. Bxa2 Nd2 38. Qe6 1-0


[Site "https://www.chess.com"]

[Event "Titled Tuesday Blitz February 07 Early 2023"]
[White "EREBUNI91"]
[Black "Borges Feria, Yasel"]
[BlackFideId "3504921"]
[WhiteElo "2666"]
[BlackElo "2439"]
[Result "1/2-1/2"]
[Round "08"]
[TimeControl "180+2"]
[Date "2023.02.07"]
[WhiteClock "0:00:06"]
[BlackClock "0:00:04"]

1. e4 e5 2. Nf3 Nc6 3. Bb5 a6 4. Ba4 Nf6 5. O-O Be7 6. Bxc6 dxc6 7. d3 Nd7 8. Nbd2 O-O 9. Nc4 f6 10. Nh4 Nc5 11. Nf5 Ne6 12. Be3 Kh8 13. Qg4 Re8 14. Rad1 Bf8 15. Qg3 c5 16. h4 Nd4 17. Bxd4 cxd4 18. h5 Be6 19. b3 b5 20. Nd2 Qd7 21. Qg4 Qf7 22. f4 g6 23. hxg6 hxg6 24. Rf3 Kg8 25. fxe5 Bxf5 26. exf5 Rxe5 27. fxg6 Qe6 28. Qh4 Bg7 29. Ne4 f5 30. Qh7+ Kf8 31. Rdf1 Ra7 32. g4 c5 33. Rxf5+ Rxf5 34. Rxf5+ Ke8 35. Rf7 Qxg4+ 36. Kf2 Rxf7+ 37. gxf7+ Kxf7 38. Nd6+ Ke6 39. Qe4+ Qxe4 40. Nxe4 Bf8 41. Kf3 Ke5 42. Kg4 Be7 43. Kf3 Kf5 44. Nf2 Ke5 45. Ne4 Kf5 46. Nf2 Ke5 47. Kg4 Bd8 48. Ne4 Be7 49. Ng3 Bd8 50. Ne2 Be7 51. Nf4 Bd8 52. Kf3 Bg5 53. Ne2 Bd2 54. Ng3 Bh6 55. Ne4 Bf8 56. Kg4 Be7 1/2-1/2


[Site "https://www.chess.com"]

[Event "Titled Tuesday Blitz February 07 Early 2023"]
[White "Aitbayev, Aslan"]
[Black "Gascon Del Nogal, Jose Rafael"]
[WhiteFideId "13704613"]
[BlackFideId "3902463"]
[WhiteElo "2427"]
[BlackElo "2459"]
[Result "1-0"]
[Round "08"]
[TimeControl "180+2"]
[Date "2023.02.07"]
[WhiteClock "0:02:22"]
[BlackClock "0:02:10"]

1. e4 c5 2. Nf3 d6 3. d4 cxd4 4. Qxd4 Nc6 5. Bb5 a6 6. Bxc6+ bxc6 7. O-O e5 8. Qe3 Ne7 9. Rd1 Ng6 10. Na3 Be6 11. h4 Nf4 12. Nxe5 Qxh4 13. Nf3 1-0


[Site "https://www.chess.com"]

[Event "Titled Tuesday Blitz February 07 Early 2023"]
[White "Shuvalova, Polina"]
[Black "Fernandez Guillen, Ernesto J."]
[WhiteFideId "24171760"]
[BlackFideId "3512428"]
[WhiteElo "2484"]
[BlackElo "2477"]
[Result "1/2-1/2"]
[Round "08"]
[TimeControl "180+2"]
[Date "2023.02.07"]
[WhiteClock "0:00:06"]
[BlackClock "0:00:02"]

1. e4 e5 2. Nf3 Nc6 3. Nc3 g6 4. d4 exd4 5. Nd5 Bg7 6. Bg5 f6 7. Bf4 d6 8. Nxd4 Nge7 9. Bc4 Ne5 10. Bb3 Nxd5 11. Bxd5 c6 12. Bb3 Qe7 13. Qe2 Bd7 14. O-O-O O-O-O 15. Rhe1 Rhe8 16. Kb1 h5 17. h4 Kb8 18. f3 Ka8 19. Qf2 g5 20. Bh2 Bh6 21. Bg1 c5 22. Nf5 Bxf5 23. exf5 Qd7 24. Be6 Qc6 25. hxg5 fxg5 26. a3 Bg7 27. Re3 d5 28. Qe2 Nc4 29. Rb3 Bf6 30. Ka2 a6 31. Rxd5 Rxd5 32. Qxc4 Re5 33. Bh2 R5xe6 34. fxe6 Rxe6 35. Rd3 Qb5 36. Qxb5 axb5 37. Rd5 b6 38. Rd7 Bd4 39. Bc7 Kb7 40. Rh7 Kc6 41. Bd8 g4 42. fxg4 hxg4 43. Rc7+ Kd5 44. Rd7+ Kc4 45. Rb7 Re2 46. Kb1 Re1+ 47. Ka2 Re2 48. Kb1 Re1+ 49. Ka2 Re2 1/2-1/2


[Site "https://www.chess.com"]

[Event "Titled Tuesday Blitz February 07 Early 2023"]
[White "Vaishali, Rameshbabu"]
[Black "Seemann, Jakub"]
[WhiteFideId "5091756"]
[BlackFideId "21874697"]
[WhiteElo "2418"]
[BlackElo "2446"]
[Result "1-0"]
[Round "08"]
[TimeControl "180+2"]
[Date "2023.02.07"]
[WhiteClock "0:00:20"]
[BlackClock "0:00:12"]

1. d4 Nf6 2. c4 d6 3. Nc3 e5 4. Nf3 e4 5. Nd2 Bf5 6. e3 Nc6 7. Be2 Be7 8. g4 Bg6 9. g5 Nd7 10. Ndxe4 Bxg5 11. h4 Be7 12. h5 Bxe4 13. Nxe4 Nf6 14. Ng3 O-O 15. Rg1 Re8 16. Bd2 Bf8 17. Qc2 d5 18. O-O-O Nb4 19. Bxb4 Bxb4 20. Nf5 g6 21. hxg6 fxg6 22. cxd5 Kh8 23. Nh4 Qe7 24. Rxg6 Rg8 25. Rh1 Qf7 26. Rh6 Bf8 27. Ng6+ Rxg6 28. Qxg6 Qe7 29. Qxf6+ 1-0


[Site "https://www.chess.com"]

[Event "Titled Tuesday Blitz February 07 Early 2023"]
[White "Wagh Suyog"]
[Black "Kalogeris, Ioannis"]
[WhiteFideId "25071688"]
[BlackFideId "4239563"]
[WhiteElo "2313"]
[BlackElo "2423"]
[Result "0-1"]
[Round "08"]
[TimeControl "180+2"]
[Date "2023.02.07"]
[WhiteClock "0:00:31"]
[BlackClock "0:00:53"]

1. e4 e5 2. Nf3 Nc6 3. Bb5 a6 4. Ba4 Nf6 5. Bxc6 dxc6 6. d3 Bd6 7. O-O Qe7 8. Nbd2 Be6 9. Nb3 b6 10. Be3 c5 11. Nbd2 Nd7 12. Nc4 f6 13. Nfd2 g5 14. c3 O-O-O 15. Qa4 Nb8 16. Qc2 Nc6 17. b4 cxb4 18. cxb4 Nxb4 19. Qc3 Bc5 20. Nb2 Bd4 21. Bxd4 exd4 22. Qc1 Kb7 23. a3 Nc6 24. Qc2 Na5 25. Rab1 Ka7 26. Na4 Rd6 27. Rfc1 Rc6 28. Qb2 Rxc1+ 29. Rxc1 Qd6 30. Qb4 c5 31. Nxc5 Nc6 32. Qa4 bxc5 33. Nb3 Bxb3 34. Qxb3 Rb8 35. Qc4 Ne5 36. Qc2 c4 37. dxc4 d3 38. Qd2 Qd4 39. c5 Rb2 0-1


[Site "https://www.chess.com"]

[Event "Titled Tuesday Blitz February 07 Early 2023"]
[White "Harshavardhan G B"]
[Black "Iskusnyh, Sergei"]
[WhiteFideId "25059009"]
[BlackFideId "4120027"]
[WhiteElo "2408"]
[BlackElo "2440"]
[Result "1-0"]
[Round "08"]
[TimeControl "180+2"]
[Date "2023.02.07"]
[WhiteClock "0:00:25"]
[BlackClock "0:00:01"]

1. d4 d5 2. c4 c6 3. Nf3 Nf6 4. Nc3 dxc4 5. a4 e6 6. e4 Bb4 7. e5 Nd5 8. Bd2 b5 9. axb5 Bxc3 10. bxc3 cxb5 11. Ng5 Bb7 12. Qh5 Qe7 13. Be2 Nd7 14. Bf3 a5 15. O-O Bc6 16. h4 N7b6 17. Ne4 O-O 18. Rae1 b4 19. Bg5 f6 20. exf6 gxf6 21. Bh6 Rfe8 22. Nc5 e5 23. dxe5 fxe5 24. Qg4+ Kh8 25. Ne6 Rg8 26. Qf5 Nd7 27. Ng5 Raf8 28. Bxf8 Rxf8 29. Qg4 b3 30. Be4 N7f6 31. Qf5 Nxe4 32. Qxe4 Ba8 33. Qxc4 b2 34. Qb5 Nf4 35. f3 1-0


[Site "https://www.chess.com"]

[Event "Titled Tuesday Blitz February 07 Early 2023"]
[White "Nguyen, Quoc Hy"]
[Black "Djokovic, Nebojsa"]
[WhiteFideId "12410853"]
[BlackFideId "938300"]
[WhiteElo "2352"]
[BlackElo "2119"]
[Result "1-0"]
[Round "08"]
[TimeControl "180+2"]
[Date "2023.02.07"]
[WhiteClock "0:01:15"]
[BlackClock "0:01:30"]

1. e4 e6 2. d4 d5 3. Nc3 Nf6 4. exd5 exd5 5. Bd3 Bd6 6. Bg5 c6 7. Qd2 Nbd7 8. O-O-O O-O 9. Nf3 b5 10. Rde1 Qc7 11. Ne2 Ne4 12. Bxe4 dxe4 13. Nh4 Nb6 14. Ng3 f6 15. Be3 f5 16. Bg5 h6 17. Bxh6 gxh6 18. Ng6 Kg7 19. Nxf8 Bf4 20. Nh5+ Kxf8 21. Qxf4 Qxf4+ 22. Nxf4 Bd7 23. f3 exf3 24. gxf3 Kf7 25. Rhg1 Rd8 26. Nh5 Be8 27. Rg7+ Kf8 28. Rh7 Kg8 29. Nf6+ Kf8 30. Rh8+ Kg7 31. Rhxe8 Rxd4 32. Nh5+ Kg6 33. Ng3 Nc4 34. R8e6+ Kf7 35. Nxf5 Rf4 36. Nxh6+ Kg7 37. Rg1+ Kh7 38. Ng4 Rxf3 39. Nf6+ Kh6 40. Ng8+ Kh5 41. Rh6# 1-0


[Site "https://www.chess.com"]

[Event "Titled Tuesday Blitz February 07 Early 2023"]
[White "Ladan, Nicholas"]
[Black "Leiva, Gianmarco"]
[WhiteFideId "30918855"]
[BlackFideId "3804399"]
[WhiteElo "2228"]
[BlackElo "2392"]
[Result "0-1"]
[Round "08"]
[TimeControl "180+2"]
[Date "2023.02.07"]
[WhiteClock "0:02:35"]
[BlackClock "0:02:45"]

1. d4 Nf6 2. Bf4 d6 3. Nc3 Nbd7 4. e4 e5 5. dxe5 dxe5 6. Be3 Bb4 7. Bd3 Nc5 8. Bxc5 Bxc5 9. Nf3 O-O 10. Nxe5 Qd4 11. Ng4 Bxg4 0-1


[Site "https://www.chess.com"]

[Event "Titled Tuesday Blitz February 07 Early 2023"]
[White "Aradhya, Garg"]
[Black "Sukandar, Irine Kharisma"]
[WhiteFideId "25006746"]
[BlackFideId "7101937"]
[WhiteElo "2284"]
[BlackElo "2390"]
[Result "1-0"]
[Round "08"]
[TimeControl "180+2"]
[Date "2023.02.07"]
[WhiteClock "0:02:07"]
[BlackClock "0:01:56"]

1. d4 Nf6 2. c4 e6 3. Nf3 d5 4. Nc3 a6 5. cxd5 exd5 6. Bf4 Bd6 7. Be5 c6 8. e3 O-O 9. Bd3 Bg4 10. Qb3 Bxf3 11. gxf3 Bxe5 12. dxe5 Nfd7 13. f4 Nc5 14. Qc2 Nxd3+ 15. Qxd3 Nd7 16. O-O-O Nc5 17. Qf5 b5 18. Rhg1 b4 19. Ne2 Qa5 20. Rxg7+ Kxg7 21. Qf6+ Kg8 22. Rg1# 1-0


[Site "https://www.chess.com"]

[Event "Titled Tuesday Blitz February 07 Early 2023"]
[White "Moksh Amit Doshi"]
[Black "Md, Imran"]
[WhiteFideId "25064967"]
[BlackFideId "25748580"]
[WhiteElo "2401"]
[BlackElo "2284"]
[Result "1-0"]
[Round "08"]
[TimeControl "180+2"]
[Date "2023.02.07"]
[WhiteClock "0:00:49"]
[BlackClock "0:01:08"]

1. c4 e6 2. g3 h5 3. Nf3 Be7 4. Nc3 Nf6 5. d4 d5 6. Bg2 dxc4 7. Ne5 Nd5 8. Nxc4 Nc6 9. e4 Nb6 10. Nxb6 axb6 11. Be3 h4 12. Qd2 hxg3 13. hxg3 Rxh1+ 14. Bxh1 Na5 15. Qe2 Bd7 16. Rd1 Bb4 17. Qg4 Qf6 18. e5 Qe7 19. Qxg7 Nc4 20. Kf1 Nxe3+ 21. fxe3 O-O-O 22. Ne4 Bb5+ 23. Kf2 Ba5 24. a3 Ba4 25. Rc1 Bc6 26. b4 Bxb4 27. axb4 Qxb4 28. Re1 Qb2+ 29. Re2 Qb1 30. Qh7 Kb8 31. Bf3 b5 32. Ng5 Qxh7 33. Nxh7 Rh8 34. Bxc6 bxc6 35. Ng5 c5 36. dxc5 Rh5 37. Nf3 Rh8 38. Rb2 c6 39. Ke2 1-0


[Site "https://www.chess.com"]

[Event "Titled Tuesday Blitz February 07 Early 2023"]
[White "Papasimakopoulos, Alexandros"]
[Black "Bagwe Gaurang"]
[WhiteFideId "4244125"]
[BlackFideId "45039895"]
[WhiteElo "2401"]
[BlackElo "2067"]
[Result "0-1"]
[Round "08"]
[TimeControl "180+2"]
[Date "2023.02.07"]
[WhiteClock "0:00:22"]
[BlackClock "0:01:11"]

1. d4 d5 2. c4 e6 3. Nc3 Nf6 4. cxd5 Nxd5 5. e4 Nxc3 6. bxc3 c5 7. Rb1 b6 8. Bb5+ Bd7 9. Bd3 Be7 10. Nf3 O-O 11. O-O Nc6 12. d5 Na5 13. c4 exd5 14. cxd5 c4 15. Bc2 Rc8 16. Nd4 Bf6 17. f4 g6 18. e5 Bg7 19. Be3 Re8 20. Bf2 c3 21. Re1 Nc4 22. e6 Bxd4 23. Qxd4 fxe6 24. dxe6 Bxe6 25. Qxc3 Nd2 26. Qe5 Bf7 27. Qb2 Nxb1 28. Rxb1 Re2 29. Rc1 Rexc2 30. Rxc2 Qd1+ 31. Be1 Qxe1# 0-1


[Site "https://www.chess.com"]

[Event "Titled Tuesday Blitz February 07 Early 2023"]
[White "Akobian, Varuzhan"]
[Black "Defend, Balint"]
[WhiteFideId "13300580"]
[BlackFideId "17004853"]
[WhiteElo "2591"]
[BlackElo "1673"]
[Result "0-1"]
[Round "08"]
[TimeControl "180+2"]
[Date "2023.02.07"]
[WhiteClock "0:00:02"]
[BlackClock "0:00:44"]

1. d4 Nf6 2. c4 e6 3. Nf3 b6 4. g3 Bb7 5. Bg2 Be7 6. O-O O-O 7. Nc3 Ne4 8. Bd2 d5 9. cxd5 exd5 10. Rc1 Nd7 11. Bf4 Nxc3 12. Rxc3 c5 13. dxc5 bxc5 14. b3 a5 15. Ne5 Nxe5 16. Bxe5 Qd7 17. Rd3 d4 18. Bxb7 Qxb7 19. Bf4 Rfc8 20. Qc2 a4 21. Bd2 Qb5 22. Rc1 h6 23. e3 axb3 24. axb3 Ra2 25. Qc4 Qxc4 26. Rxc4 Rb8 27. exd4 cxd4 28. b4 Rb2 29. Rdxd4 Bf6 30. Rd7 Rb5 31. Rc5 Rb6 32. h4 h5 33. Rxh5 Rb1+ 34. Kg2 Rd1 35. Rc5 Rxb4 0-1


[Site "https://www.chess.com"]

[Event "Titled Tuesday Blitz February 07 Early 2023"]
[White "Bulmaga, Irina"]
[Black "Przybylski, Wojciech"]
[WhiteFideId "13903063"]
[BlackFideId "1117599"]
[WhiteElo "2422"]
[BlackElo "2321"]
[Result "1-0"]
[Round "08"]
[TimeControl "180+2"]
[Date "2023.02.07"]
[WhiteClock "0:00:09"]
[BlackClock "0:00:01"]

1. Nf3 Nf6 2. e3 d5 3. b3 Bg4 4. Bb2 Nbd7 5. Be2 e6 6. c4 a5 7. a3 a4 8. b4 dxc4 9. Bxc4 Bd6 10. h3 Bxf3 11. gxf3 c5 12. Rg1 cxb4 13. Rxg7 b3 14. Bb5 Be7 15. Qe2 Qc7 16. Nc3 Kf8 17. Rg2 Ne5 18. Ne4 Rc8 19. Nxf6 Bxf6 20. Bc3 Nxf3+ 21. Kf1 Bxc3 22. dxc3 Qxc3 23. Rd1 Ne5 24. Qh5 Ng6 25. Bd7 Rd8 26. Bxe6 Rxd1+ 27. Qxd1 fxe6 28. Qd8+ Kf7 29. Qd7+ Ne7 30. Rg3 b2 31. Rf3+ Kg6 32. Rg3+ Kf7 33. Rf3+ Kg6 34. Qxe6+ Kg5 35. Rg3+ Kh5 36. Qg4+ Kh6 37. Qg5# 1-0


[Site "https://www.chess.com"]

[Event "Titled Tuesday Blitz February 07 Early 2023"]
[White "Sturt, Raven"]
[Black "Ibarra Jerez, Jose Carlos"]
[WhiteFideId "2007304"]
[BlackFideId "2226332"]
[WhiteElo "2470"]
[BlackElo "2563"]
[Result "0-1"]
[Round "08"]
[TimeControl "180+2"]
[Date "2023.02.07"]
[WhiteClock "0:01:49"]
[BlackClock "0:02:43"]

1. e4 c5 2. Nf3 e6 3. d4 cxd4 4. Nxd4 Bc5 5. Nb3 Bb6 6. Nc3 Ne7 7. Bd3 O-O 8. Bg5 f6 9. Bf4 f5 10. Bd6 Bxf2+ 11. Kxf2 fxe4+ 12. Ke2 exd3+ 13. Qxd3 b6 14. Qe4 Ba6+ 15. Kd2 Nbc6 16. Raf1 Rxf1 17. Rxf1 Bxf1 0-1


[Site "https://www.chess.com"]

[Event "Titled Tuesday Blitz February 07 Early 2023"]
[White "Ozates, Tuna"]
[Black "Ivic, Velimir"]
[WhiteFideId "6354521"]
[BlackFideId "950122"]
[WhiteElo "2251"]
[BlackElo "2595"]
[Result "0-1"]
[Round "08"]
[TimeControl "180+2"]
[Date "2023.02.07"]
[WhiteClock "0:01:41"]
[BlackClock "0:01:47"]

1. e4 c5 2. Nf3 e6 3. d4 cxd4 4. Nxd4 Nf6 5. Nc3 Nc6 6. Be2 Bb4 7. O-O Bxc3 8. bxc3 Nxe4 9. Qd3 d5 10. Ba3 Qa5 11. Nb5 a6 12. Nd6+ Nxd6 13. Bxd6 Qd8 14. Qg3 Qf6 15. c4 Nd4 16. Bd3 dxc4 17. Be5 cxd3 18. Rfe1 Nf5 19. Qxd3 Qe7 20. g4 Nh4 21. Bd6 Nf3+ 22. Kh1 Nxe1 23. Rxe1 Qd7 24. c4 b6 25. Kg1 Bb7 26. Rd1 Qc6 0-1


[Site "https://www.chess.com"]

[Event "Titled Tuesday Blitz February 07 Early 2023"]
[White "Harsh Suresh"]
[Black "Reprintsev, Alexander"]
[WhiteFideId "45018464"]
[BlackFideId "14100541"]
[WhiteElo "2298"]
[BlackElo "2253"]
[Result "1-0"]
[Round "08"]
[TimeControl "180+2"]
[Date "2023.02.07"]
[WhiteClock "0:01:20"]
[BlackClock "0:00:06"]

1. e4 d5 2. exd5 Qxd5 3. Nf3 Bg4 4. Be2 Nc6 5. d4 O-O-O 6. Be3 e5 7. c4 Qa5+ 8. Bd2 Qa6 9. c5 Bxf3 10. gxf3 b5 11. d5 Nd4 12. d6 cxd6 13. Nc3 dxc5 14. Nxb5 Nxb5 15. a4 Kb8 16. axb5 Qb7 17. Qa4 Nf6 18. b6 axb6 19. Bb5 Rd6 20. Bc3 Nd7 21. Ke2 Be7 22. Rhd1 Rxd1 23. Rxd1 e4 24. Rxd7 exf3+ 25. Kf1 Rd8 26. Rxb7+ Kxb7 27. Qa6+ 1-0


[Site "https://www.chess.com"]

[Event "Titled Tuesday Blitz February 07 Early 2023"]
[White "Kumala, Aleksander"]
[Black "Murzin, Volodar"]
[WhiteFideId "1141880"]
[BlackFideId "44155573"]
[WhiteElo "2165"]
[BlackElo "2604"]
[Result "0-1"]
[Round "08"]
[TimeControl "180+2"]
[Date "2023.02.07"]
[WhiteClock "0:00:20"]
[BlackClock "0:02:00"]

1. d4 Nf6 2. Bg5 g6 3. Bxf6 exf6 4. c4 c6 5. Nc3 f5 6. g3 Bg7 7. e3 O-O 8. Bg2 d6 9. Nge2 Nd7 10. O-O h5 11. h4 a5 12. a3 Nf6 13. b4 Be6 14. Qd3 Bh6 15. Nf4 Bxf4 16. exf4 d5 17. c5 Ne4 18. Kh2 axb4 19. axb4 Nxf2 20. Rxa8 Nxd3 21. Rxd8 Rxd8 22. b5 Ra8 23. Rd1 Nf2 24. Rb1 Ra3 25. Nxd5 cxd5 26. c6 bxc6 27. b6 Ra8 28. Bf1 Ne4 29. Ba6 Rb8 30. b7 Kf8 31. Kh3 Ke7 32. Rb2 Kd6 33. Rb6 Kc7 34. Rb2 Nd6 35. Ra2 Nxb7 36. Bd3 Nd6 37. Ra7+ Rb7 38. Ra8 Ne4 39. Be2 Rb3 40. Kh2 Rb2 41. g4 Rxe2+ 42. Kh1 fxg4 43. f5 Bxf5 44. Ra7+ Kd6 45. Rxf7 g3 46. Kg1 Bh3 47. Rf2 Re1+ 48. Rf1 Rxf1# 0-1


[Site "https://www.chess.com"]

[Event "Titled Tuesday Blitz February 07 Early 2023"]
[White "Belov, Alexei"]
[Black "Sattarov, Bobir"]
[WhiteFideId "4128206"]
[BlackFideId "14203081"]
[WhiteElo "2421"]
[BlackElo "2366"]
[Result "0-1"]
[Round "08"]
[TimeControl "180+2"]
[Date "2023.02.07"]
[WhiteClock "0:00:09"]
[BlackClock "0:00:58"]

1. e4 e5 2. Nf3 Nc6 3. Bb5 a6 4. Ba4 Bc5 5. c3 Qf6 6. O-O Nge7 7. d3 h6 8. Be3 Ba7 9. Nbd2 O-O 10. Bxa7 Rxa7 11. Bc2 d6 12. h3 Ng6 13. Nh2 Nf4 14. Qf3 Qg5 15. Kh1 Nxg2 16. Qxg2 Qxd2 17. Rac1 Qg5 18. Qg3 Qxg3 19. fxg3 Bxh3 20. Rf2 Be6 21. Rd1 d5 22. a3 Raa8 23. Nf3 f6 24. Kg2 Rad8 25. Re1 dxe4 26. Rxe4 Bd5 27. Re3 Ne7 28. d4 Nc6 29. Kh2 Bxf3 30. Rexf3 exd4 31. Be4 Ne5 32. Rf4 dxc3 33. bxc3 b5 34. Kh3 Rd1 35. Re2 Rfd8 36. Bb7 a5 37. Rfe4 Rh1+ 38. Kg2 Rdd1 39. Rxe5 fxe5 40. Rxe5 Rhg1+ 41. Kh2 Rge1 42. Rxb5 Re3 43. Rc5 Rd2+ 44. Kh3 Rdd3 45. Rxc7 Rxg3+ 46. Kh4 Rxc3 47. Bd5+ Kf8 48. Rf7+ Ke8 49. Rf4 g5+ 0-1


[Site "https://www.chess.com"]

[Event "Titled Tuesday Blitz February 07 Early 2023"]
[White "Morefield, Jason"]
[Black "Ilkhomi, Jaloliddin"]
[WhiteFideId "30920825"]
[BlackFideId "14700948"]
[WhiteElo "2167"]
[BlackElo "1997"]
[Result "0-1"]
[Round "08"]
[TimeControl "180+2"]
[Date "2023.02.07"]
[WhiteClock "0:00:03"]
[BlackClock "0:00:40"]

1. e4 e6 2. d4 d5 3. e5 c5 4. c3 Qb6 5. Nf3 Nc6 6. Be2 cxd4 7. cxd4 Nh6 8. Nc3 Nf5 9. Na4 Bb4+ 10. Kf1 Qa5 11. a3 Be7 12. b4 Qc7 13. Bb2 O-O 14. Rc1 Qd8 15. Bd3 f6 16. Bxf5 exf5 17. h3 fxe5 18. dxe5 Be6 19. b5 Na5 20. Nd4 Qd7 21. Nc5 Bxc5 22. Rxc5 Nc4 23. Bc3 Rfd8 24. a4 Rac8 25. Rxc8 Rxc8 26. Qd3 Nxe5 27. Qe3 Ng6 28. Nxe6 Re8 29. Qxa7 Rxe6 30. Kg1 Qc7 31. Qd4 Nf4 32. Kf1 Qc4+ 33. Qxc4 dxc4 34. h4 Nd5 35. Rh3 Kf7 36. Bd4 Re4 37. Bb2 g6 38. h5 Ke6 39. hxg6 hxg6 40. Rg3 g5 41. Rxg5 c3 42. Bc1 Nb4 43. Rg3 Rc4 44. Re3+ Kd5 45. Ke2 Na2 46. Kd1 c2+ 47. Kd2 Rd4+ 48. Kxc2 Rc4+ 49. Kb2 Nxc1 50. a5 Kd4 51. a6 bxa6 52. bxa6 Nd3+ 53. Ka3 Rc6 54. a7 Ra6+ 55. Kb3 Rxa7 56. Rf3 f4 57. Kc2 Ra2+ 58. Kd1 Rxf2 0-1


[Site "https://www.chess.com"]

[Event "Titled Tuesday Blitz February 07 Early 2023"]
[White "Decuigniere, Tom"]
[Black "Matinian, Nikita"]
[WhiteFideId "26093820"]
[BlackFideId "24129100"]
[WhiteElo "2382"]
[BlackElo "2407"]
[Result "0-1"]
[Round "08"]
[TimeControl "180+2"]
[Date "2023.02.07"]
[WhiteClock "0:00:02"]
[BlackClock "0:00:36"]

1. c4 e5 2. g3 f5 3. Bg2 Nc6 4. Nc3 Nf6 5. e3 Be7 6. Nge2 O-O 7. O-O d6 8. d4 Kh8 9. b3 Rb8 10. Bb2 e4 11. Nf4 Qe8 12. Ncd5 Nxd5 13. cxd5 Nd8 14. Rc1 c6 15. dxc6 bxc6 16. d5 c5 17. Nh5 Rf7 18. Rc4 Ba6 19. Ra4 Bxf1 20. Bxf1 Rb7 21. Bh3 Kg8 22. Nxg7 Rxg7 23. Bxf5 Bf8 24. Rxe4 Rbe7 25. Bxg7 Bxg7 26. Be6+ Nxe6 27. dxe6 Qc6 28. Qg4 d5 29. Ra4 Qxe6 30. Qxe6+ Rxe6 31. Rxa7 d4 32. exd4 Bxd4 33. Kf1 Rf6 34. f4 Re6 35. Rd7 h5 36. b4 h4 37. a4 Re3 38. bxc5 Bxc5 39. gxh4 Re4 40. a5 Rxf4+ 41. Ke2 Ra4 42. Kf3 Rxa5 43. h5 Bf8 44. Kg4 Bg7 45. h3 Kh7 46. Rb7 Ra6 47. Rd7 Kh6 48. Rb7 Ra4+ 49. Kg3 Be5+ 50. Kf3 Rf4+ 51. Ke3 Rh4 52. Rb5 Rxh5 53. Ke4 Rh4+ 0-1


[Site "https://www.chess.com"]

[Event "Titled Tuesday Blitz February 07 Early 2023"]
[White "Tan, Zhongyi"]
[Black "Kleiman, Jake"]
[WhiteFideId "8603642"]
[BlackFideId "2020041"]
[WhiteElo "2517"]
[BlackElo "2399"]
[Result "1-0"]
[Round "08"]
[TimeControl "180+2"]
[Date "2023.02.07"]
[WhiteClock "0:01:09"]
[BlackClock "0:00:59"]

1. d4 Nf6 2. c4 e6 3. g3 Bb4+ 4. Nd2 O-O 5. Bg2 d5 6. Nf3 b6 7. O-O Bb7 8. cxd5 Bxd5 9. Qc2 Bxd2 10. Bxd2 Nbd7 11. Rfd1 c5 12. dxc5 bxc5 13. Bc3 Qb6 14. b3 a5 15. Rab1 Rfb8 16. e3 Qb7 17. Ne1 Bxg2 18. Nxg2 Qc6 19. Nf4 a4 20. Bxf6 Nxf6 21. b4 Rb5 22. Nd3 Ne4 23. Ne5 Qb7 24. Rd7 Qc8 25. Qxe4 cxb4 26. Rbd1 b3 27. Qxa8 1-0


[Site "https://www.chess.com"]

[Event "Titled Tuesday Blitz February 07 Early 2023"]
[White "Oro, Faustino"]
[Black "Leenhouts, Koen"]
[WhiteFideId "20000197"]
[BlackFideId "1008439"]
[WhiteElo "2269"]
[BlackElo "2447"]
[Result "1-0"]
[Round "08"]
[TimeControl "180+2"]
[Date "2023.02.07"]
[WhiteClock "0:00:52"]
[BlackClock "0:00:36"]

1. e4 e5 2. Nf3 d6 3. d4 exd4 4. Nxd4 Nf6 5. Nc3 Be7 6. Bf4 O-O 7. Qd2 c6 8. O-O-O b5 9. f3 b4 10. Nce2 c5 11. Nf5 Bxf5 12. exf5 d5 13. g4 d4 14. Kb1 Nd5 15. Ng3 Nc3+ 16. bxc3 bxc3 17. Qc1 Nc6 18. Ka1 Qa5 19. Bc4 Rab8 20. Bxb8 Rxb8 21. Rhe1 Rb2 22. Rxe7 Nxe7 23. Re1 Rb7 24. f6 gxf6 25. Nh5 Qb4 26. Nxf6+ Kg7 27. Qg5+ Ng6 28. Nh5+ Kg8 29. Re8# 1-0


[Site "https://www.chess.com"]

[Event "Titled Tuesday Blitz February 07 Early 2023"]
[White "Seo, Jung Min"]
[Black "Borrmann, Laurenz"]
[WhiteFideId "1734687"]
[BlackFideId "312187930"]
[WhiteElo "2494"]
[BlackElo "2304"]
[Result "1-0"]
[Round "08"]
[TimeControl "180+2"]
[Date "2023.02.07"]
[WhiteClock "0:01:03"]
[BlackClock "0:00:04"]

1. e4 c6 2. d4 d5 3. Nc3 dxe4 4. Nxe4 Nf6 5. Nxf6+ exf6 6. c3 Bd6 7. Bd3 O-O 8. Qc2 Re8+ 9. Ne2 h5 10. O-O h4 11. h3 Nd7 12. Bd2 Nf8 13. Rae1 Be6 14. c4 Rc8 15. Be3 Qd7 16. Qd2 Ng6 17. Nc3 Bb8 18. d5 Bxh3 19. gxh3 Qxh3 20. f3 Ne5 21. Be4 f5 22. dxc6 fxe4 23. cxb7 Rcd8 24. Qg2 Nxf3+ 25. Rxf3 Qxf3 26. Na4 Bg3 27. Bf2 Bxf2+ 28. Qxf2 Qg4+ 29. Kh2 e3 30. Rxe3 Rxe3 31. Qxe3 Qxc4 32. Nc5 Qb5 33. b3 Re8 34. Qd4 1-0


[Site "https://www.chess.com"]

[Event "Titled Tuesday Blitz February 07 Early 2023"]
[White "Ingebretsen, Jens E"]
[Black "Chernobay, Artem"]
[WhiteFideId "1522965"]
[BlackFideId "4167406"]
[WhiteElo "2342"]
[BlackElo "2484"]
[Result "0-1"]
[Round "08"]
[TimeControl "180+2"]
[Date "2023.02.07"]
[WhiteClock "0:00:20"]
[BlackClock "0:00:41"]

1. e4 c5 2. Nf3 d6 3. Bb5+ Nd7 4. O-O Nf6 5. Re1 g6 6. c3 a6 7. Bf1 Bg7 8. d4 e5 9. Nbd2 O-O 10. a4 exd4 11. cxd4 cxd4 12. Nxd4 Re8 13. N4b3 Ne5 14. Nc4 Nxc4 15. Bxc4 Rxe4 16. Rxe4 Nxe4 17. Bxf7+ Kxf7 18. Qd5+ Be6 19. Qxe4 Qb6 20. Ra3 Re8 21. a5 Qc7 22. Qf3+ Kg8 23. Be3 Qc2 24. Nd2 Bxb2 25. Qxb7 Bxa3 26. Qc6 Qxc6 0-1


[Site "https://www.chess.com"]

[Event "Titled Tuesday Blitz February 07 Early 2023"]
[White "Ljukin, Sergei"]
[Black "Weetik, Vjacheslav"]
[WhiteFideId "14102200"]
[BlackFideId "4153472"]
[WhiteElo "2362"]
[BlackElo "2423"]
[Result "0-1"]
[Round "08"]
[TimeControl "180+2"]
[Date "2023.02.07"]
[WhiteClock "0:00:24"]
[BlackClock "0:00:49"]

1. e4 c6 2. d4 d5 3. e5 Bf5 4. Nd2 e6 5. Nb3 Nd7 6. Nf3 Bg6 7. Be2 Nh6 8. O-O Nf5 9. a4 Be7 10. a5 O-O 11. g4 Nh6 12. h3 f6 13. exf6 Rxf6 14. g5 Rxf3 15. Bxf3 Bxg5 16. Kh1 Bxc1 17. Rxc1 Qh4 18. Bg2 e5 19. dxe5 Nxe5 20. Qd4 Qh5 21. Rce1 Nf3 22. Bxf3 Qxh3+ 23. Kg1 Qxf3 24. Re3 Qh5 25. Rg3 Nf5 0-1


[Site "https://www.chess.com"]